 Dungeon Crawl Stone Soup version 0.25.1-8-g42b30a86e7 (webtiles) character file.

Game seed: 11509951777762833678

139 Destapler the Skirmisher (level 5, 0/50 HPs)
             Began as a Draconian Wanderer on Dec 5, 2020.
             Killed by divine providence
             ... invoked by an orc priest
              (13 damage)
             ... on level 4 of the Dungeon.
             The game lasted 00:07:12 (2744 turns).

Destapler the Skirmisher (Draconian Wanderer)       Turns: 2744, Time: 00:07:13

Health: 0/50       AC:  5    Str: 16    XL:     5   Next: 1%
Magic:  5/5        EV: 11    Int: 13    God:
Gold:   145        SH:  0    Dex:  9    Spells: 4/4 levels left

rFire    . . .     SeeInvis .   a - +2 hand axe
rCold    . . .     Gourm    .   (no shield)
rNeg     . . .     Faith    .   (armour unavailable)
rPois    .         Spirit   .   (helmet restricted)
rElec    .         Reflect  .   (no cloak)
rCorr    .         Harm     .   (no gloves)
MR       .....                  (no boots)
Stlth    +.........             (no amulet)
HPRegen  0.16/turn              (no ring)
MPRegen  0.09/turn              (no ring)

@: no status effects
A: unfitting armour, cold-blooded, AC +5
a: no special abilities


You were on level 4 of the Dungeon.
You were hungry.

You visited 1 branch of the dungeon, and saw 4 of its levels.

You collected 145 gold pieces.

Inventory:

Hand Weapons
 a - a +2 hand axe (weapon)
Armour
 k - a +0 robe
Scrolls
 e - a scroll of teleportation {unknown}
 f - a scroll of immolation {unknown}
 g - 2 scrolls of noise {unknown}
 i - 2 scrolls of enchant armour {unknown}
 j - a scroll of magic mapping {unknown}
 l - a scroll of remove curse {unknown}
 m - 2 scrolls of identify {unknown}
 o - a scroll of blinking {unknown}
Potions
 b - 5 potions of curing
 d - 2 potions of haste {unknown}
 h - a potion of degeneration {unknown}
 n - a potion of mutation {unknown}
Comestibles
 c - 9 rations


   Skills:
 + Level 6.3 Fighting
 + Level 3.4(3.5) Axes
   Level 1.0(2.3) Polearms
 + Level 2.6 Throwing
   Level 1.0 Shields


You had 4 spell levels left.
You didn't know any spells.
Your spell library was empty.

Dungeon Overview and Level Annotations

Branches:
Dungeon (4/15)
 Temple: D:4-7

Altars:
Elyvilon


Innate Abilities, Weirdness & Mutations

Your plain brown scales are hard. (AC +5)
You cannot fit into any form of body armour.
You are cold-blooded and may be slowed by cold attacks.


Message History

You hear some strange, mumbled words.
You are confused.
You completely miss something. Something hits you.
The orc priest looks satisfied for a moment.
You bump into the rock wall.
You hear some strange, mumbled words.
You are more confused.
You bump into the rock wall.
Something hits you.
You bump into the rock wall.
You hear some strange, mumbled words.
A puff of flame appears from out of thin air!
The puff of flame hits you!
* * * LOW HITPOINT WARNING * * *
The orc priest mumbles some strange prayers to Beogh against you.
Beogh smites you!
* * * LOW HITPOINT WARNING * * *
You feel better. Something hits you but does no damage.
The orc priest invokes the aid of Beogh against you.
Beogh smites you!
You die...

### #<##.....#
#.##.....#
####.##.....#
#....##.....#
#.#####.....#
#....##.....+
####@##.....#..
####{#o...$....
#..hooo........
#.........o....
#..)...####....
######## ... ##


You could see a hound, an orc priest and an orc wizard (fast).

Vanquished Creatures
  A howler monkey (D:3)
  3 adders (D:3)
  An ooze (D:4)
  2 worms (D:3)
  4 dart slugs
  An orc (D:3)
  4 giant cockroaches
  8 hobgoblins
  6 kobolds
  A ball python (D:2)
  9 bats
  6 frilled lizards
  7 goblins
  4 rats
57 creatures vanquished.

Vanquished Creatures (others)
  An orc (D:3)
1 creature vanquished.

Grand Total: 58 creatures vanquished

Notes
Turn   | Place    | Note
-------+----------+-------------------------------------------
     0 | D:1      | Destapler the Draconian Wanderer began the quest for the
                  | Orb.
     0 | D:1      | Destapler set off with the following items: a +2 hand axe,
                  | 2 potions of curing, a ration
     0 | D:1      | Reached XP level 1. HP: 23/23 MP: 1/1
   333 | D:1      | Reached XP level 2. HP: 25/29 MP: 2/2
  1193 | D:2      | Reached XP level 3. HP: 37/37 MP: 3/3
  1763 | D:3      | Found a faded altar of an unknown god.
  1874 | D:3      | Reached skill level 6 in Fighting
  1874 | D:3      | Reached XP level 4. HP: 29/44 MP: 4/4
  2223 | D:3      | Found a white marble altar of Elyvilon.
  2727 | D:4      | Reached XP level 5. HP: 50/50 MP: 5/5
  2744 | D:4      | Killed from afar by an orc priest

Illustrated notes

Levels and vault maps discovered:
D:1:      lordsloth_arrival_two_stooges, layout_basic, hangedman_feature_mirror
D:2:      layout_basic, first_ration, minmay_misc_feat_tiny
D:3:      layout_loops_ring, elyvilon_altar_4,
          chequers_ecumenical_altar_simple_redux
D:4:      layout_basic

Skill      XL: |  1  2  3 |
---------------+----------+-----
Fighting       | 6 |  6.3
Axes           | 3 |  3.4
Throwing       | 2 |  2.6
Polearms       | |  1.0
Shields        | |  1.0

Action                   |  1- 3 |  4- 6 || total
-------------------------+-------+-------++-------
Melee: Hand axe          |    84 |    63 ||   147
       Tailslap          |     8 |     7 ||    15
  Use: Potion            |       |     1 ||     1
  Eat: Chunk             |     3 |     2 ||     5
Armor: Skin              |    30 |    19 ||    49
Dodge: Dodged            |    42 |    33 ||    75
